 Dungeon Crawl Stone Soup version 0.29.1-4-g47bece8355 (webtiles) character file.

Game seed: 4353336440444681365

42 tkbsonic5 the Sneak (level 3, -4/29 HPs)
             Began as a Human Delver on Dec 10, 2022.
             Engulfed by a cloud of flame (15 damage)
             ... on level 2 of the Dungeon.
             The game lasted 00:10:16 (1569 turns).

tkbsonic5 the Sneak (Human Delver)                  Turns: 1569, Time: 00:10:17

Health: -4/29      AC:  3    Str: 14    XL:     3   Next: 80%
Magic:  3/3        EV: 27    Int: 10    God:
Gold:   108        SH:  0    Dex: 14    Spells: 2/2 levels left

rFire   + . .      SeeInvis .   a - +0 hand axe
rCold   + . .      Faith    .   (no shield)
rNeg    . . .      Spirit   .   b - +0 leather armour
rPois   +          Reflect  .   (no helmet)
rElec   +          Harm     .   (no cloak)
rCorr   +          Rampage  .   (no gloves)
Will    +....                   (no boots)
Stlth   +++.......              o - amulet of the acrobat
HPRegen 0.09/turn               h - ring of willpower
MPRegen 0.08/turn               (no ring)

@: about to teleport, resistant, acrobatic, attractive
A: no striking features
a: no special abilities


You were on level 2 of the Dungeon.
You visited 1 branch of the dungeon, and saw 5 of its levels.

You collected 108 gold pieces.

Inventory:

Hand Weapons
 a - a +0 hand axe (weapon)
 q - a +0 dagger
Armour
 b - a +0 leather armour (worn)
Jewellery
 h - a ring of willpower (left hand)
 o - an amulet of the acrobat (around neck)
 s - a ring of wizardry
Wands
 g - a wand of digging (3)
Scrolls
 c - 2 scrolls of fog
 i - a scroll of poison
 j - a scroll of torment
 r - a scroll of magic mapping


   Skills:
 + Level 3.1 Fighting
 * Level 2.5 Axes
 * Level 0.5 Throwing
 + Level 0.4 Armour
 + Level 2.3 Dodging
 * Level 5.2 Stealth
 * Level 0.9 Evocations


You had 2 spell levels left.
You didn't know any spells.
Your spell library was empty.

Dungeon Overview and Level Annotations

Branches:
Dungeon (5/15)
 Temple: D:4-7

Altars:


Message History

It was a potion of attraction.
You feel attractive to monsters. The bat is attracted toward you.
You hit the worm but do no damage.
As you read the scroll of fear, it crumbles to dust.
You assume a fearsome visage.
The bat looks frightened!
The worm looks frightened!
The worm is attracted toward you. The bat is attracted toward you.
The worm is attracted toward you. The bat is attracted toward you.
The worm is attracted toward you. The bat is attracted toward you.
As you read the scroll labelled OGUDOAPN PAATE, it crumbles to dust.
Your body is wracked with pain!
The worm convulses!
It was a scroll of torment.
The worm is attracted toward you. The bat is attracted toward you.
The air fills with toxic fumes!
As you read the scroll labelled DIUFEGR ETEIR, it crumbles to dust.
It was a scroll of poison.
Cornered, the bat turns to fight!
The bat is attracted toward you.
You barely miss the worm.
The worm is moderately wounded.
As you read the scroll labelled HOC CECREI, it crumbles to dust.
The creatures around you are filled with an inner flame!
It was a scroll of immolation.
Cornered, the worm turns to fight!
As you read the scroll labelled COUKUO UNEF, it crumbles to dust.
It is a scroll of identify.
k - a scroll of teleportation
As you read the scroll of teleportation, it crumbles to dust.
You feel strangely unstable. The worm misses you.
You barely miss the worm.
The worm is moderately wounded.
The worm misses you.
You hit the worm.
Flame seeps out of the worm.
The worm is heavily wounded.
The worm is engulfed in blazing flames.
The worm explodes!
The fiery explosion engulfs you. You resist.
The fiery explosion engulfs the bat!
The bat explodes!
You are engulfed in blazing flames.
You resist.
Ouch! That really hurt!
You die...

..########..............
......☼§°....>.....#####
######§☼......###.#
#☼##'##..#.#.#
#○#..........#
#§#......†####
#°#......(+ #§#.......#
#@#.......#
#§#.......########
#☼#b.............#
#####†#..............#
#...☼§§...w...†......#
#...§°§####+#........#
#...§.§# #.....†..#
##.....# #w.......#
#.....# #........#


There were no monsters in sight!

Vanquished Creatures
  A worm (D:2)
  A dart slug (D:1)
  4 ball pythons
  4 endoplasms
  A giant cockroach (D:2)
  2 goblins
  3 hobgoblins
  3 kobolds (D:1)
  3 quokkas
  6 bats
  2 frilled lizards
  6 rats (D:1)
36 creatures vanquished.

Notes
Turn   | Place    | Note
-------+----------+-------------------------------------------
     0 | D:5      | tkbsonic5 the Human Delver began the quest for the Orb.
     0 | D:5      | Reached XP level 1. HP: 18/18 MP: 1/1
    14 | D:4      | Noticed a phantom
   268 | D:1      | Reached XP level 2. HP: 21/24 MP: 2/2
   551 | D:1      | Found a faded altar of an unknown god.
   702 | D:1      | Reached XP level 3. HP: 29/29 MP: 3/3
  1569 | D:2      | Engulfed by a cloud of flame

Illustrated notes

Levels and vault maps discovered:
D:1:      sevenhm_arrival_forest_fort_small_4, layout_basic,
          chequers_ecumenical_altar_simple_redux
D:2:      layout_basic, minmay_pentomino_q2, uniq_natasha
D:3:      layout_loops_ring
D:4:      layout_basic
D:5:      layout_gridville, chequers_serial_rivers_large_a

Action                   || total
-------------------------++-------
Melee: Hand axe          ||    82
Throw: Dart              ||    29
  Use: Scroll            ||     7
       Potion            ||     5
Armor: Leather armour    ||    24
Dodge: Dodged            ||    76
